Map: Pillars of Gold LE

Players

JusticeSimon

  • Race: Protoss Protoss
  • League: Master
  • Spawn Location: 7:00

RazerBlader - Winner!

  • Race: Terran Terran
  • League: Master
  • Spawn Location: 1:00

Event: DreamHack SC2 Masters 2020 Winter

VOD

Have the link to the VOD?

Description

Time

  • Played on: Oct. 17, 2020, 11:16 p.m.
  • Length: 16:02

All games in this series

Show
View Real Time Build Order
Export as new Build Order

JusticeSimon Protoss 

Build Orders: 1 Gate Expand, Blink Stalkers, Colossus Rush 

Get SALT Encoding   

  12  0:00  Probe  
  13  0:12  Probe  
  14  0:18  Pylon  
  14  0:24  Probe  
  15  0:36  Probe (Chrono Boost)  
  15  0:39  Gateway  
  16  0:46  Probe (Chrono Boost)  
  16  0:48  Assimilator  
  17  0:51  Probe (Chrono Boost)  
  18  1:03  Probe  
  19  1:15  Probe  
  20  1:26  Nexus  
  20  1:39  Cybernetics Core  
  20  1:46  Pylon  
  20  1:49  Assimilator  
  20  1:53  Probe  
  21  2:06  Probe  
  22  2:12  Stalker (Chrono Boost)  
  24  2:16  Warp Gate  
  24  2:18  Probe  
  25  2:30  Probe (Chrono Boost), Twilight Council  
  25  2:35  Adept  
  28  2:39  Probe (Chrono Boost)  
  28  2:42  Probe (Chrono Boost)  
  30  2:48  Probe (Chrono Boost)  
  30  2:49  Probe (Chrono Boost)  
  32  2:53  Probe (Chrono Boost)  
  32  2:56  Probe  
  34  3:01  Blink (Chrono Boost)  
  34  3:05  Probe  
  35  3:08  Probe  
  35  3:11  Stalker  
  38  3:17  Probe  
  39  3:20  Probe  
  40  3:28  Robotics Facility  
  40  3:29  Probe  
  40  3:32  Probe  
  40  3:42  Probe  
  40  3:43  Gateway  
  40  3:45  Probe  
  42  3:48  Gateway  
  42  3:53  Pylon  
  42  3:54  Probe  
  43  3:57  Probe  
  44  4:04  Assimilator  
  44  4:05  Assimilator  
  44  4:06  Probe  
  44  4:07  Pylon  
  45  4:11  Stalker  
  45  4:16  Observer (Chrono Boost)  
  48  4:18  Probe, Pylon  
  48  4:19  Probe  
  50  4:31  Probe x2, Observer (Chrono Boost)  
  52  4:35  Stalker  
  52  4:38  Robotics Bay  
  55  4:39  Forge  
  55  4:43  Probe x2  
  57  4:56  Nexus  
  57  4:59  Probe  
  51  5:05  Probe  
  52  5:08  Immortal (Chrono Boost)  
  52  5:12  Probe  
  52  5:14  Protoss Ground Weapons Level 1  
  57  5:17  Probe  
  57  5:18  Pylon  
  58  5:24  Probe  
  59  5:29  Probe  
  59  5:37  Colossus (Chrono Boost)  
  59  5:38  Extended Thermal Lance  
  59  5:41  Sentry  
  67  5:52  Stalker x2  
  67  5:56  Charge (Chrono Boost)  
  71  6:02  Shield Battery  
  71  6:03  Shield Battery  
  71  6:06  Gateway  
  71  6:09  Gateway  
  71  6:16  Gateway  
  71  6:20  Colossus (Chrono Boost)  
  77  6:26  Probe (Chrono Boost)  
  77  6:27  Probe (Chrono Boost)  
  77  6:29  Sentry  
  82  6:33  Probe (Chrono Boost)  
  82  6:38  Probe (Chrono Boost)  
  84  6:44  Probe (Chrono Boost)  
  84  6:45  Probe (Chrono Boost), Pylon  
  84  6:46  Probe (Chrono Boost)  
  86  6:48  Pylon  
  86  6:49  Sentry  
  86  6:50  Probe, Zealot  
  91  6:54  Probe  
  91  6:56  Probe  
  93  7:03  Probe  
  93  7:06  Probe  
  101  7:15  Pylon  
  100  7:19  Stalker, Pylon  
  100  7:20  Stalker x2  
  106  7:24  Zealot  
  108  7:30  Pylon  
  108  7:32  Protoss Ground Weapons Level 2 (Chrono Boost)  
  108  7:39  Zealot  
  108  7:40  Zealot  
  98  7:55  Zealot x4  
  78  8:11  Probe x2  
  78  8:12  Probe  
  79  8:13  Zealot x2  
  79  8:18  Robotics Facility  
  83  8:20  Stalker x4, Robotics Facility  
  54  8:42  Zealot x3  
  54  8:43  Zealot x3  
  54  8:47  Gateway  
  66  8:52  Gateway  
  66  8:54  Probe x3, Shield Battery  
  66  8:55  Templar Archives  
  69  9:05  Pylon  
  69  9:06  Probe  
  69  9:07  Stalker  
  69  9:08  Zealot x2  
  69  9:09  Stalker x2, Disruptor (Chrono Boost)  
  78  9:17  Pylon  
  78  9:19  Probe x2  
  78  9:21  Assimilator  
  78  9:22  Disruptor (Chrono Boost)  
  76  9:33  Zealot x5  
  76  9:37  Zealot  
  86  9:44  Zealot  
  74  9:55  Zealot x5  
  74  9:56  Zealot, Observer  
  82  10:13  Zealot  
  80  10:27  Stalker x6  
  80  10:28  Disruptor x2  
  82  10:49  Stalker  
  73  10:53  Stalker x5  
  73  10:54  Stalker  
  73  11:13  Probe x3  
  73  11:15  Nexus  
  73  11:17  Disruptor x2 (Chrono Boost)  
  80  11:26  Stalker x3  
  80  11:31  Zealot x2  
  90  11:50  Disruptor x2 (Chrono Boost)  
  96  11:55  Zealot x6  
  104  12:02  Stalker  
  99  12:17  Stalker x4  
  99  12:20  Stalker  
  99  12:21  Stalker  
  109  12:22  Warp Prism (Chrono Boost)  
  103  12:33  Zealot  
  103  12:35  Disruptor (Chrono Boost)  
  101  12:40  Assimilator  
  101  12:41  Zealot x4  
  109  12:47  Zealot x2  
  113  12:55  High Templar  
  116  12:58  Observer (Chrono Boost)  
  116  13:01  High Templar  
  116  13:02  Stalker x2  
  116  13:03  Zealot  
  116  13:05  Archon  
  122  13:23  Zealot x3  
  121  13:35  Disruptor x2 (Chrono Boost)  
  124  13:41  Zealot  
  124  13:42  Zealot x3  
  124  13:47  Pylon  
  124  13:48  Pylon  
  132  13:50  Pylon  
  129  13:57  Zealot  
  129  13:58  Zealot  
  126  14:05  Zealot x5  
  111  14:23  Stalker x2  
  113  14:25  Stalker x3  
  117  14:32  High Templar x2  
  121  14:38  Archon  
  105  14:52  Disruptor x2 (Chrono Boost)  
  103  14:53  Zealot, High Templar x2  
  103  14:54  Zealot x2  
  107  15:01  Archon  
  101  15:09  Zealot x2  
  101  15:23  Zealot x3  
  101  15:24  Disruptor (Chrono Boost)  
  101  15:25  Disruptor (Chrono Boost)  
  105  15:31  Zealot x2  
  105  15:32  Zealot x2  
  78  15:47  Zealot x3  
Show
View Real Time Build Order
Export as new Build Order

RazerBlader Terran - Winner!

Build Orders: Reaper Expand 

Get SALT Encoding   

  12  0:00  SCV  
  13  0:12  SCV  
  14  0:17  Supply Depot  
  14  0:24  SCV  
  15  0:39  SCV  
  15  0:40  Barracks  
  16  0:44  Refinery  
  16  0:51  SCV  
  17  1:03  SCV  
  18  1:15  SCV  
  19  1:27  Reaper  
  19  1:28  Orbital Command  
  20  1:46  Command Center  
  20  1:54  SCV  
  20  2:00  Supply Depot  
  21  2:01  Marine  
  21  2:06  SCV  
  23  2:15  Factory  
  23  2:21  SCV  
  23  2:22  Barracks Reactor  
  24  2:26  Bunker  
  24  2:34  SCV  
  24  2:36  Refinery  
  25  2:46  SCV  
  26  2:58  SCV  
  27  3:00  Marine  
  27  3:01  Hellion, Marine  
  27  3:05  Starport  
  31  3:09  Orbital Command  
  31  3:13  SCV  
  31  3:19  Marine x2  
  34  3:22  Widow Mine  
  34  3:26  SCV  
  37  3:35  Supply Depot  
  37  3:41  Marine  
  37  3:42  Marine  
  37  3:43  SCV, Medivac  
  37  3:45  Widow Mine  
  37  3:48  SCV  
  45  3:57  SCV, Supply Depot  
  45  4:01  SCV  
  46  4:03  Marine x2  
  46  4:08  Factory Tech Lab  
  46  4:09  SCV  
  49  4:13  SCV  
  49  4:14  Starport Tech Lab  
  50  4:21  SCV  
  50  4:23  Barracks  
  51  4:25  Supply Depot  
  51  4:26  Marine x2  
  51  4:29  Siege Tank  
  56  4:31  SCV  
  56  4:37  Raven  
  59  4:42  Barracks  
  59  4:44  Marine  
  59  4:45  Supply Depot  
  60  4:46  Marine  
  60  4:49  SCV  
  60  4:50  SCV  
  59  5:01  SCV  
  59  5:04  Marine x2  
  59  5:05  Siege Tank  
  59  5:07  SCV  
  66  5:08  Engineering Bay  
  66  5:11  Refinery  
  66  5:13  SCV  
  67  5:24  Marine x2  
  67  5:25  SCV  
  67  5:27  Stimpack  
  67  5:28  Refinery, Marauder  
  72  5:35  SCV  
  72  5:38  Supply Depot  
  73  5:43  Terran Infantry Weapons Level 1  
  73  5:45  SCV  
  73  5:46  Supply Depot  
  73  5:48  Marine  
  73  5:49  Marine  
  76  5:50  Factory Reactor  
  76  5:52  SCV  
  78  5:57  SCV, Supply Depot, Starport Reactor  
  78  6:00  Marauder  
  78  6:01  Marauder  
  82  6:05  SCV  
  82  6:07  Marine x2  
  82  6:09  Combat Shield  
  82  6:11  SCV  
  86  6:19  Supply Depot  
  86  6:22  Marauder  
  92  6:25  Marauder  
  92  6:27  Marine x2  
  92  6:29  Widow Mine  
  92  6:31  Widow Mine  
  96  6:35  Medivac x2  
  96  6:39  Supply Depot  
  100  6:44  Marauder  
  100  6:45  Marine x2  
  100  6:47  Marauder  
  106  6:54  Widow Mine x2  
  109  7:09  Concussive Shells, Marauder  
  109  7:10  Command Center, Marine x2  
  109  7:11  Marauder  
  109  7:13  Medivac x2  
  119  7:21  Supply Depot, Widow Mine x2  
  123  7:33  Barracks  
  123  7:36  Barracks  
  104  7:53  Marauder  
  93  8:00  Marine  
  93  8:01  Marauder, Marine  
  85  8:14  Marauder  
  85  8:16  Terran Infantry Armor Level 1  
  85  8:18  Marine  
  85  8:19  Marine  
  85  8:20  Armory, Engineering Bay  
  85  8:22  Marauder  
  85  8:29  Marine  
  82  8:35  Marauder, Marine  
  82  8:37  Marine  
  84  8:43  Marine  
  86  8:49  Barracks Reactor, Barracks Tech Lab  
  86  8:50  SCV x2, Orbital Command  
  86  8:53  Marine  
  87  8:56  Widow Mine x2, Liberator  
  87  8:57  Marauder  
  87  9:01  Marauder  
  98  9:07  Liberator  
  98  9:08  Marine x2  
  103  9:11  SCV x2  
  103  9:16  Terran Infantry Weapons Level 2  
  105  9:18  Marauder  
  105  9:22  Marauder  
  109  9:26  Marauder  
  109  9:28  Marine  
  109  9:30  Marine x2  
  109  9:31  SCV  
  113  9:39  Marauder  
  113  9:40  Marine  
  113  9:44  Marauder  
  113  9:45  Liberator  
  120  9:46  SCV, Marine  
  120  9:48  Marauder  
  105  9:53  Liberator  
  105  9:55  Marine x2  
  105  9:57  SCV  
  105  9:59  SCV x2  
  112  10:01  Marauder  
  112  10:05  Marauder  
  116  10:07  Marine  
  116  10:09  SCV, Marauder  
  116  10:10  Marine  
  116  10:13  Marine  
  121  10:18  SCV x2  
  121  10:19  Refinery  
  121  10:20  Marine  
  121  10:21  SCV  
  121  10:22  Marauder, Command Center  
  121  10:27  Marauder  
  111  10:29  Marine x2  
  111  10:31  Marauder  
  111  10:35  SCV x2  
  113  10:39  Liberator  
  113  10:42  Marine  
  111  10:44  Marauder  
  111  10:45  Marine  
  111  10:46  Marine  
  111  10:48  Marauder  
  112  10:50  Marine, Liberator  
  112  10:52  Marauder  
  112  10:53  SCV  
  119  11:00  Marine  
  119  11:03  Marine  
  116  11:05  Marauder  
  116  11:09  Marauder, Marine x2  
  115  11:11  SCV x2  
  115  11:13  Marauder  
  115  11:14  SCV  
  115  11:15  Refinery  
  115  11:18  Marine  
  115  11:21  Marine  
  115  11:23  SCV  
  119  11:26  Terran Infantry Armor Level 2, Marauder, Ghost Academy, Barracks  
  119  11:27  Marine, Barracks  
  119  11:28  Barracks  
  119  11:29  Marine  
  119  11:30  Medivac  
  119  11:31  Marauder  
  119  11:32  SCV x2, Medivac  
  128  11:35  SCV, Marauder  
  133  11:41  Marine  
  133  11:43  Terran Infantry Weapons Level 3  
  134  11:48  Marauder  
  134  11:49  SCV  
  134  11:50  Marine x2  
  134  11:52  Missile Turret, Marauder  
  134  11:53  Sensor Tower  
  141  11:57  Terran Ship Weapons Level 1  
  141  11:58  Marine  
  141  11:59  Marine, Starport  
  143  12:01  Marine  
  143  12:08  Marine x2  
  142  12:09  Marine  
  142  12:14  Marauder  
  146  12:16  Marine  
  146  12:17  Medivac  
  146  12:18  Medivac  
  146  12:20  Planetary Fortress  
  149  12:36  Marine  
  138  12:37  Marauder  
  138  12:40  Medivac, Marine x2  
  138  12:41  Marauder, Marine x2  
  138  12:43  Barracks Tech Lab  
  148  12:46  Refinery x2  
  148  12:47  Missile Turret, Barracks Tech Lab x2  
  148  12:48  SCV  
  148  12:49  SCV  
  148  12:50  Supply Depot  
  150  12:54  Medivac  
  150  12:55  Marine  
  150  12:57  SCV  
  150  12:58  Marine x2  
  155  12:59  Marauder  
  155  13:01  Marine  
  155  13:02  Marauder  
  155  13:05  Supply Depot  
  161  13:06  Medivac  
  161  13:11  Marauder, Marine x3, Fusion Core  
  166  13:23  Marauder  
  160  13:30  Ghost, Marine x3  
  160  13:31  Marauder x3  
  169  13:42  Marine x2  
  169  13:44  Marauder  
  169  13:48  Marine x2  
  174  13:52  Marauder x2  
  174  13:54  Marine  
  180  13:59  Supply Depot, Marine  
  180  14:00  Supply Depot  
  180  14:01  Marine  
  180  14:02  Marauder x2  
  178  14:05  Marauder  
  178  14:06  Marine x2  
  169  14:12  Marine  
  169  14:13  Marauder, Marine  
  154  14:18  Marauder  
  154  14:19  Marine  
  154  14:20  Advanced Ballistics  
  154  14:23  Marine x2  
  154  14:24  Marauder, Marine  
  155  14:27  Marauder  
  155  14:29  Marine  
  160  14:31  Marauder  
  160  14:34  Enhanced Shockwaves  
  160  14:37  Marauder, Marine  
  155  14:39  Marine  
  155  14:40  Ghost  
  155  14:41  Marine  
  155  14:45  Marauder  
  156  14:47  Marine  
  156  14:48  Marauder  
  156  14:49  Marine  
  156  14:53  Marauder  
  156  14:55  Marine  
  156  14:57  Marauder  
  156  14:58  Marine  
  156  14:59  Marine  
  160  15:05  Marine  
  160  15:06  Marauder  
  162  15:07  Marine  
  162  15:09  Marine x2  
  162  15:12  Marine  
  168  15:14  Marauder  
  168  15:18  Command Center  
  164  15:22  Marauder, Marine  
  164  15:23  Medivac x2  
  164  15:28  Medivac  
  172  15:29  Medivac  
  161  15:35  Marine  
  161  15:36  Marauder  
  161  15:37  Marine  
  161  15:40  Marine x2  
Tags
 
Add a new tag
Caveats
  • Supply blocks, unpowered buildings, or Contaminate may cause inaccurate times.
  • Supply counts are checked every 10 seconds.